 Dungeon Crawl Stone Soup version 0.30.0-16-gbe6223bb7e (webtiles) character file.

Game seed: 15748645644553618017

1481 fleet the Slicer (level 9, 0/60 HPs)
             Began as a Kobold Brigand on May 21, 2023.
             Was a Follower of Uskayaw.
             Slain by a gnoll bouda
             ... wielding a +0 club
              (7 damage)
             ... on level 5 of the Dungeon.
             The game lasted 00:10:34 (4516 turns).

fleet the Slicer (Kobold Brigand)                   Turns: 4516, Time: 00:10:36

Health: 0/60       AC:  5    Str:  8    XL:     9   Next: 7%
Magic:  9/9        EV: 13    Int: 13    God:    Uskayaw [*.....]
Gold:   335        SH:  0    Dex: 20    Spells: 8/8 levels left

rFire   + . .        r - +2 short sword (freeze)
rCold   . . .        (no shield)
rNeg    . . .        s - +0 troll leather armour {Pargi}
rPois   .            (no helmet)
rElec   .            c - +0 cloak
rCorr   .            (no gloves)
SInv    .            (no boots)
Will    .....        (no amulet)
Stlth   ++++         v - ring of protection from fire
HPRegen 1.10/turn    (no ring)
MPRegen 0.11/turn

%: no passive effects
@: weakened
A: small, no large weapons, nightstalker 3
a: Renounce Religion, Stomp


You were on level 5 of the Dungeon.
You worshipped Uskayaw.
Uskayaw was noncommittal.
You visited 2 branches of the dungeon, and saw 6 of its levels.
You also visited: Sewer.

You collected 335 gold pieces.

Inventory:

Hand Weapons
 a - a +2 dagger
 l - a +2 dagger of holy wrath
 r - a +2 short sword of freezing (weapon)
 B - a +5 short sword
Missiles
 d - 14 poisoned darts (quivered)
 e - 3 curare-tipped darts
 i - 2 throwing nets
Armour
 c - a +0 cloak (worn)
 s - a +0 troll leather armour (worn) {Pargi}
 y - a +3 leather armour
Magical Staves
 q - a staff of earth
Jewellery
 v - a ring of protection from fire (left hand)
Wands
 u - a wand of charming (9)
 x - a wand of flame (26)
 z - a wand of polymorph (6)
Scrolls
 b - a scroll of amnesia {unknown}
 f - a scroll of brand weapon {unknown}
 j - 5 scrolls of immolation {unknown}
 m - a scroll of fog {unknown}
 n - a scroll of identify
 p - 2 scrolls of teleportation {unknown}
 t - a scroll of silence {unknown}
 w - a scroll of enchant armour {unknown}
Potions
 g - 2 potions of might
 h - 3 potions of haste
 k - a potion of brilliance {unknown}
 o - a potion of curing {unknown}
 A - a potion of heal wounds {unknown}


   Skills:
 + Level 8.5 Fighting
 - Level 10.0 Short Blades
 - Level 2.1 Throwing
 - Level 1.2 Dodging
 - Level 5.3 Stealth
 + Level 0.8 Invocations
 + Level 1.0 Evocations


You had 8 spell levels left.
You didn't know any spells.
Your spell library contained the following spells:

 Spells                   Type           Power      Damage    Failure   Level
 Magic Dart               Conj           0%         1d3       41%         1
 Sting                    Tmut/Pois      0%         1d3       41%         1
 Call Imp                 Summ           0%         N/A       56%         2
 Poisonous Vapours        Pois/Air       0%         N/A       56%         2
 Mephitic Cloud           Conj/Pois/Air  0%         N/A       80%         3
 Olgreb's Toxic Radiance  Pois           0%         N/A       99%         4


Dungeon Overview and Level Annotations

Branches:
Dungeon (5/15)             Temple (1/1) D:4           Sewer (visited)

Altars:
Dithmenos
Elyvilon
Fedhas
Hepliaklqana
Kikubaaqudgha
Nemelex Xobeh
Okawaru
Trog
Uskayaw
Vehumet
Wu Jian
Xom
Yredelemnul
Zin

Shops:
D:5 =


Innate Abilities, Weirdness & Mutations

You are small and have problems with some larger weapons.
You are completely attuned to the shadows.


Message History

Things that are here:
a +0 dagger; a +0 robe; an orc corpse The gnoll bouda hits you with a +0 club!
You closely miss the gnoll bouda.
The gnoll bouda is lightly wounded.
The gnoll bouda hits you with a +0 club.
* * * LOW HITPOINT WARNING * * *
You barely miss the gnoll bouda.
The gnoll bouda is lightly wounded.
You hit the gnoll bouda but do no damage.
The gnoll bouda is lightly wounded.
The gnoll bouda hits you with a +0 club!
* * * LOW HITPOINT WARNING * * *
You hit the gnoll bouda but do no damage.
You hit the gnoll bouda. You freeze the gnoll bouda.
The gnoll bouda is moderately wounded.
The gnoll bouda hits you with a +0 club.
* * * LOW HITPOINT WARNING * * *
Okay, then.
Aiming: Throw Flame
Press: ? - help, Shift-Dir - straight line, f - gnoll bouda
Aim: a gnoll bouda, wielding a +0 club and wearing a +0 robe of fire resistance (moderately wounded, 72% to hit)
The puff of flame hits the gnoll bouda but does no damage.
The gnoll bouda is moderately wounded.
The gnoll bouda gazes fiercely through you!
You feel your attacks grow feeble.
The gnoll bouda hits you but does no damage.
Aiming: Throw Flame
Press: ? - help, Shift-Dir - straight line, f/p - gnoll bouda
Aim: a gnoll bouda, wielding a +0 club and wearing a +0 robe of fire resistance (moderately wounded, 72% to hit)
The puff of flame hits the gnoll bouda.
The gnoll bouda resists.
The gnoll bouda is heavily wounded.
The gnoll bouda closely misses you.
Aiming: Throw Flame
Press: ? - help, Shift-Dir - straight line, f/p - gnoll bouda
Aim: a gnoll bouda, wielding a +0 club and wearing a +0 robe of fire resistance (heavily wounded, 72% to hit)
The puff of flame hits the gnoll bouda.
The gnoll bouda resists.
The gnoll bouda is heavily wounded.
The gnoll bouda hits you with a +0 club!
You die...

#.. #.#### ######
...... ....$....#
...... .....###.#
...... ....g..#@#
#.##.. ...)...#g#
#....... ##)###.#
#....... #.g{...#
....#.#. #..#####
#...#.#.###..######
#####.#......#....#
# #.#..###'#.##'#
#####.#..##.....#.#


You could see a gnoll bouda.

Vanquished Creatures
  Eustachio (D:4)
  Duvessa (D:4)
  Pargi (Sewer)
  A black bear (D:4)
  A centaur (D:5)
  Blork the orc (D:4)
  2 scorpions
  2 necrophages (D:5)
  Dowan (D:4)
  A wight (D:5)
  A howler monkey (D:4)
  A hound (D:5)
  A jelly (D:4)
  A human zombie (D:5)
  Ijyb (D:5)
  2 orc wizards (D:5)
  A scorpion zombie (D:5)
  An iguana (D:5)
  A hound zombie (D:5)
  5 mummies (D:5)
  Robin (D:2)
  4 gnolls (D:5)
  A river rat (D:3)
  4 adders
  A shadow imp (D:5)
  A white imp (D:5)
  An ufetubus (D:5)
  An adder zombie (D:5)
  3 worms
  7 orcs
  4 endoplasms
  6 giant cockroaches
  14 goblins
  8 hobgoblins
  6 quokkas
  8 ball pythons
  9 bats
  4 frilled lizards
  10 kobolds
  6 rats
126 creatures vanquished.

Notes
Turn   | Place    | Note
-------+----------+-------------------------------------------
     0 | D:1      | fleet the Kobold Brigand began the quest for the Orb.
     0 | D:1      | Reached XP level 1. HP: 12/12 MP: 1/1
   117 | D:1      | Reached skill level 3 in Short Blades
   148 | D:1      | Reached XP level 2. HP: 12/18 MP: 2/2
   527 | D:1      | Reached XP level 3. HP: 23/23 MP: 3/3
  1339 | D:2      | Reached skill level 4 in Short Blades
  1578 | D:2      | Noticed Robin
  1593 | D:2      | Reached XP level 4. HP: 25/28 MP: 4/4
  1609 | D:2      | Killed Robin
  2147 | D:3      | Found a glowing drain.
  2314 | D:3      | Reached XP level 5. HP: 17/33 MP: 5/5
  2366 | Sewer    | Entered a sewer
  2424 | Sewer    | Noticed Pargi
  2428 | Sewer    | Killed Pargi
  2429 | Sewer    | Reached skill level 5 in Short Blades
  2429 | Sewer    | Reached XP level 6. HP: 39/39 MP: 6/6
  2718 | D:3      | Noticed a black bear
  3295 | D:4      | Reached skill level 6 in Short Blades
  3296 | D:4      | Noticed a black bear
  3300 | D:4      | Killed a black bear
  3301 | D:4      | Reached skill level 5 in Fighting
  3322 | D:4      | Noticed Blork the orc
  3334 | D:4      | Killed Blork the orc
  3335 | D:4      | Reached XP level 7. HP: 36/44 MP: 7/7
  3465 | D:4      | Noticed Eustachio
  3485 | D:4      | Killed Eustachio
  3486 | D:4      | Reached skill level 7 in Short Blades
  3730 | D:4      | Found the +3 giant club "Skullcrusher" {speed, Str+7}
  3769 | D:4      | Noticed Duvessa
  3777 | D:4      | Noticed Dowan
  3779 | D:4      | Killed Duvessa
  3780 | D:4      | Reached skill level 8 in Short Blades
  3780 | D:4      | Reached XP level 8. HP: 52/52 MP: 8/8
  3786 | D:4      | Killed Dowan
  3901 | D:4      | Found a staircase to the Ecumenical Temple.
  3908 | Temple   | Entered the Ecumenical Temple
  3965 | Temple   | Became a worshipper of Uskayaw the Reveller
  4048 | D:5      | Entered Level 5 of the Dungeon
  4072 | D:5      | Reached * piety under Uskayaw
  4110 | D:5      | Reached ** piety under Uskayaw
  4130 | D:5      | Reached *** piety under Uskayaw
  4132 | D:5      | Reached **** piety under Uskayaw
  4141 | D:5      | Reached ***** piety under Uskayaw
  4144 | D:5      | Reached skill level 9 in Short Blades
  4219 | D:5      | Noticed Ijyb
  4260 | D:5      | Killed Ijyb
  4289 | D:5      | Found Cygaun's Jewellery Emporium.
  4363 | D:5      | Found an ancient bone altar of Kikubaaqudgha.
  4413 | D:5      | Reached skill level 10 in Short Blades
  4413 | D:5      | Reached XP level 9. HP: 60/60 MP: 9/9
  4505 | D:5      | Reached skill level 1 in Evocations
  4516 | D:5      | Slain by a gnoll bouda

Illustrated notes

Levels and vault maps discovered:
D:1:      dpeg_arrival_erosion, layout_loops_ring, corexii_corridor_pit,
          serial_park_tiny_1
D:2:      layout_basic, kennysheep_generic_room_5, uniq_robin
D:3:      layout_basic, gup_sewer_entry_bubbles, minmay_misc_feat_tower,
          kennysheep_big_empty_room, lightli_corner_chamber
D:4:      layout_rooms, temple_pool_b, uniq_eustachio, uniq_duvessa,
          uniq_blork_the_orc
D:5:      layout_basic, lemuel_mausoleum_altar_kikubaaqudgha, bloody_makhleb,
          serial_demonic, serial_demonic_c, serial_demonic_b, serial_demonic_e,
          serial_demonic_b, serial_shops, nicolae_shop_hallway_stairs,
          ebering_ghost_reflecting_pool, uniq_ijyb
Temple:   jpeg_temple_clearing

Skill      XL: |  1  2  3  4  5  6  7  8  9 |
---------------+----------------------------+-----
Short Blades   | 3 4 5 6 8 10 | 10.0
Fighting       | 3 4 5 6 8 |  8.5
Evocations     | 1 |  1.0
Throwing       | |  2.1
Dodging        | |  1.2
Stealth        | |  5.3
Invocations    | |  0.8

Action                     |  1- 3 |  4- 6 |  7- 9 || total
---------------------------+-------+-------+-------++-------
  Melee: Dagger            |    83 |   152 |       ||   235
         Short sword       |       |       |   196 ||   196
         Punch             |       |       |     2 ||     2
         Unarmed           |       |       |    14 ||    14
  Evoke: Wand              |       |       |     3 ||     3
    Use: Scroll            |       |     2 |       ||     2
         Potion            |       |     1 |     1 ||     2
   Stab: Sleeping          |    24 |    18 |    12 ||    54
         Distracted        |       |     2 |     1 ||     3
         Paralysed         |       |       |     6 ||     6
         Confused          |       |       |     1 ||     1
 Armour: Robe              |    13 |    15 |       ||    28
         Troll leather arm |       |     2 |    30 ||    32
         Skin              |       |       |     3 ||     3
  Dodge: Dodged            |    33 |    42 |   101 ||   176
